 Dungeon Crawl Stone Soup version 0.24.0-123-gd5b16e6ec5 (webtiles) character file.

Game seed: 639829152536015937, levelgen mode: deterministic

102 Ereth the Skirmisher (level 4, -1/41 HPs)
             Began as a Hill Orc Fighter on Dec 18, 2019.
             Killed from afar by Sigmund (4 damage)
             ... with a magic dart
             ... on level 2 of the Dungeon.
             The game lasted 00:04:15 (1549 turns).

Ereth the Skirmisher (Hill Orc Fighter)             Turns: 1549, Time: 00:04:15

Health: -1/41      AC: 10    Str: 19    XL:     4   Next: 77%
Magic:  4/4        EV:  5    Int:  8    God:
Gold:   38         SH:  9    Dex: 10    Spells: 3/3 levels left

rFire    . . .     SeeInvis .   a - +0 war axe
rCold    . . .     Gourm    .   c - +0 shield
rNeg     . . .     Faith    .   h - +0 chain mail
rPois    .         Spirit   .   (no helmet)
rElec    .         Reflect  .   q - +0 cloak
rCorr    .         Harm     .   (no gloves)
MR       .....                  (no boots)
Stlth    ..........             (no amulet)
HPRegen  0.13/turn              (no ring)
MPRegen  0.09/turn              (no ring)

@: no status effects
A: no striking features
a: no special abilities


You were on level 2 of the Dungeon.
You were not hungry.

You visited 1 branch of the dungeon, and saw 3 of its levels.

You collected 38 gold pieces.

Inventory:

Hand Weapons
 a - a +0 war axe (weapon)
Armour
 c - a +0 shield (worn)
 h - a +0 chain mail (worn)
 q - a +0 cloak (worn)
Jewellery
 b - a cursed ring of attention {unknown}
 g - an uncursed ring of wizardry {unknown}
Scrolls
 e - 2 scrolls of identify {unknown}
 j - 2 scrolls of noise {unknown}
 k - a scroll of enchant weapon {unknown}
 o - a scroll of remove curse {unknown}
 p - a scroll of teleportation {unknown}
Potions
 d - a potion of might
 i - a potion of mutation {unknown}
 m - a potion of curing {unknown}
 n - a potion of heal wounds {unknown}
Comestibles
 f - 6 rations
 l - 2 chunks of flesh


   Skills:
 + Level 4.4 Fighting
 + Level 4.1 Axes
 + Level 3.6 Armour
 + Level 0.6 Dodging
 + Level 4.1 Shields


You had 3 spell levels left.
You didn't know any spells.
Your spell library was empty.

Dungeon Overview and Level Annotations

Branches:
Dungeon (3/15)

Altars:

Annotations:
D:2 Sigmund


Message History

You are confused.
You hear some strange, mumbled words.
A magic dart appears from out of thin air!
The magic dart hits you!
* * * LOW HITPOINT WARNING * * *
Something hits you.
* * * LOW HITPOINT WARNING * * *
You slash something!
You hear some strange, mumbled words.
A magic dart appears from out of thin air!
The magic dart hits you.
* * * LOW HITPOINT WARNING * * *
You see here a quokka corpse.
You're too confused to move!
Something hits you but does no damage. Something hits you!
* * * LOW HITPOINT WARNING * * *
You feel less confused.
A magic dart appears from out of thin air!
The magic dart hits you.
You die...

#.# #.# #.#..... #.# #.#
#..##... #.# ######
#.####..#.#..
#.########....####.†.).gg.#.##
#............)'..#g.###l...##.
##########....##.#..###.)..#.#
#....##.#....#.....#.
#######.#....#......#
#.@...#....#.(.....
#.#####..###.....g. #.# ###..#
#......# #.# #....# #.....#.
#.# #....# #....#.# #.# #....#
#.... # #.###.†).###...# #
#......>......# ..
##.....)###...# ..


There were no monsters in sight!

Vanquished Creatures
  Robin (D:2)
  3 adders
  A worm (D:2)
  A dart slug (D:1)
  3 giant cockroaches
  20 goblins
  4 hobgoblins (D:1)
  A quokka (D:2)
  3 bats (D:1)
  2 frilled lizards (D:1)
  7 kobolds
  7 rats
53 creatures vanquished.

Notes
Turn   | Place    | Note
-------+----------+-------------------------------------------
     0 | D:1      | Ereth the Hill Orc Fighter began the quest for the Orb.
     0 | D:1      | Reached XP level 1. HP: 19/19 MP: 1/1
   195 | D:1      | Reached XP level 2. HP: 22/27 MP: 2/2
   398 | D:1      | Reached XP level 3. HP: 29/33 MP: 3/3
  1123 | D:2      | Reached XP level 4. HP: 41/41 MP: 4/4
  1205 | D:2      | Noticed Sigmund
  1207 | D:2      | Noticed Robin
  1513 | D:2      | Killed Robin
  1539 | D:2      | HP: 1/41 [something (7)]
  1549 | D:2      | Killed from afar by Sigmund

Levels and vault maps discovered:
D:1:      lemuel_arrival_muddy, layout_rooms, moated_statue, minivault_4,
          minmay_misc_feat_ornament, due_unseen_surprise
D:2:      layout_basic, minmay_misc_feat_secret_circle, uniq_robin, uniq_sigmund
D:3:      layout_loops_cross, regret_index_temple_of_mockery, vehumet_crystals

Skill      XL: |  1  2  3  4 |
---------------+-------------+-----
Fighting       | 4 |  4.4
Axes           | 3 4 |  4.1
Shields        | 4 |  4.1
Armour         | |  3.6
Dodging        | |  0.6

Action                   |  1- 3 |  4- 6 || total
-------------------------+-------+-------++-------
Melee: War axe           |   100 |    72 ||   172
  Eat: Chunk             |     1 |     1 ||     2
Armor: Chain mail        |    46 |    43 ||    89
       Scale mail        |     4 |       ||     4
Dodge: Dodged            |    23 |    10 ||    33
Block: Shield            |    66 |    45 ||   111
